 Dungeon Crawl Stone Soup version 0.31-a0-435-g2c6fae2916 (webtiles) character file.

Game seed: 7562447948565998581

54 CraigForest the Slasher (level 3, -1/22 HPs)
             Began as a Tengu Gladiator on Aug 2, 2023.
             Slain by a gnoll
             ... wielding a +0 flail
              (4 damage)
             ... on level 3 of the Dungeon.
             The game lasted 00:04:39 (1733 turns).

CraigForest the Slasher (Tengu Gladiator)           Turns: 1733, Time: 00:04:40

Health: -1/22      AC:  6    Str: 14    XL:     3   Next: 91%
Magic:  4/4        EV: 10    Int:  8    God:
Gold:   149        SH:  0    Dex: 17    Spells: 2/2 levels left

rFire   . . .        a - +0 long sword
rCold   . . .        (no shield)
rNeg    . . .        h - +0 scale mail
rPois   .            c - +0 hat
rElec   .            (no cloak)
rCorr   .            (no gloves)
SInv    .            (boots unavailable)
Will    .....        (no amulet) Stlth
                     (no ring)
HPRegen 0.23/turn    (no ring)
MPRegen 0.09/turn

%: no passive effects
@: no status effects
A: beak, talons 3
a: no special abilities


You were on level 3 of the Dungeon.
You visited 1 branch of the dungeon, and saw 3 of its levels.

You collected 149 gold pieces.

Inventory:

Hand Weapons
 a - a +0 long sword (weapon)
 u - a +0 rapier
Missiles
 d - 3 throwing nets
 e - a javelin
 g - 6 atropa-tipped darts (quivered)
Armour
 b - a +0 leather armour
 c - a +0 hat (worn)
 h - a +0 scale mail (worn)
Jewellery
 t - an amulet of faith
Talismans
 m - a blade talisman
Scrolls
 f - a scroll of poison {unknown}
 j - a scroll of fog {unknown}
 k - a scroll of teleportation {unknown}
 l - 2 scrolls of identify {unknown}
 r - a scroll of butterflies {unknown}
 s - a scroll of noise {unknown}
Potions
 i - 3 potions of curing {unknown}
 n - a potion of cancellation {unknown}
 o - a potion of might {unknown}
 p - a potion of heal wounds {unknown}
 q - a potion of brilliance {unknown}


   Skills:
 + Level 2.3 Fighting
 + Level 4.3 Long Blades
 + Level 2.1 Throwing
 + Level 0.8 Armour
 + Level 3.7 Dodging


You had 2 spell levels left.
You didn't know any spells.
Your spell library was empty.

Dungeon Overview and Level Annotations

Branches:
Dungeon (3/15)

Altars:


Innate Abilities, Weirdness & Mutations

You have a beak for a mouth.
You have claws for feet.


Message History

The gnoll hits you from afar with a +0 halberd.
A gnoll comes into view. It is wielding a +0 flail.
Found 6 gold pieces, a fuming puce potion and a scroll labelled SEGUDE MIEFUKK.
The gnoll shouts!
A bat comes into view.
Found 2 glowing coppery potions.
The gnoll barely misses you.
A gnoll comes into view. It is wielding a +0 flail.
You barely miss the gnoll. You claw the gnoll, but do no damage.
The bat misses you. The gnoll hits you but does no damage.
The gnoll throws a throwing net.
The throwing net closely misses you.
You slash the gnoll! Your peck misses the gnoll.
The gnoll is almost dead.
The bat hits you but does no damage. x2; The gnoll barely misses you.
You hit the gnoll.
You kill the gnoll!
The bat misses you.
The gnoll throws a throwing net.
The throwing net hits you.
You become entangled in the net!
You struggle against the net.
The bat hits you but does no damage. x2
You struggle against the net.
The bat hits you but does no damage.
You struggle against the net.
You rip the net and break free!
The bat barely misses you. The gnoll barely misses you. x2
The bat attacks as you move away! The bat hits you but does no damage.
The bat misses you. The gnoll attacks as you move away!
The gnoll hits you with a +0 flail.
You see here a throwing net.
You hit the gnoll. You claw the gnoll, but do no damage. You peck the gnoll.
The gnoll is moderately wounded.
You hit the gnoll. You claw the gnoll.
The gnoll is moderately wounded.
The gnoll barely misses you. The gnoll closely misses you.
You hit the gnoll. You peck the gnoll, but do no damage.
The gnoll is heavily wounded.
The gnoll hits you with a +0 flail. The gnoll hits you but does no damage.
The gnoll closely misses you. The gnoll hits you with a +0 flail!
* * * LOW HITPOINT WARNING * * *
You hit the gnoll.
The gnoll is heavily wounded.
The gnoll hits you but does no damage. The gnoll hits you with a +0 flail.
You die...

!......!....?
......$....
#.......# #.....#
### #...# ### #.#
##.# ##.###.###.)#
#.####.#.#...#gb##
#.....#>...[.@g##
#.#...#...#.#
#######.##.###.##.#
...........# #.##.#
#######.#### #.....
#.# #.##.# #.#
#.##.. #.# .. #.#


You could see 2 gnolls and a bat.

Vanquished Creatures
  A gnoll (D:3)
  A worm (D:2)
  A dart slug (D:1)
  An orc (D:2)
  2 bats (D:1)
  5 endoplasms
  3 giant cockroaches
  4 goblins
  4 hobgoblins
  3 kobolds (D:1)
  A quokka (D:2)
  5 ball pythons
  2 frilled lizards
  3 rats
36 creatures vanquished.

Notes
Turn   | Place    | Note
-------+----------+-------------------------------------------
     0 | D:1      | CraigForest the Tengu Gladiator began the quest for the
                  | Orb.
     0 | D:1      | Reached XP level 1. HP: 12/12 MP: 2/2
   117 | D:1      | Reached XP level 2. HP: 17/17 MP: 3/3
   277 | D:1      | Reached skill level 4 in Long Blades
   554 | D:1      | Reached XP level 3. HP: 17/21 MP: 4/4
   742 | D:1      | Found a faded altar of an unknown god.
  1733 | D:3      | Slain by a gnoll

Illustrated notes

Levels and vault maps discovered:
D:1:      dpeg_arrival_simpleton_b, layout_loops_ring, basic_ecumenical_altar,
          minmay_misc_feat_nine_boxes, minivault_5,
          chequers_serial_rivers_micro_b
D:2:      layout_basic, minmay_unequal
D:3:      layout_loops_ring, nicolae_ashenzari_skybound,
          nicolae_figureground_pulse

Skill      XL: |  1  2 |
---------------+-------+-----
Long Blades    | 4 |  4.3
Fighting       | |  2.3
Throwing       | |  2.1
Armour         | |  0.8
Dodging        | |  3.7

Action                     || total
---------------------------++-------
  Melee: Long sword        ||    79
         Kick              ||    16
         Peck              ||    12
 Armour: Leather armour    ||     2
         Scale mail        ||    31
  Dodge: Dodged            ||    43

Table legend: (Time is in decaauts)
 A = Elapsed time spent in this place.
 B = Non-inter-level travel time spent in this place.
 C = Inter-level travel time spent in this place.
 D = Time resting spent in this place.
 E = Time spent auto-exploring this place.
 F = Levels seen in this place.
 G = Mean time per level.
                   A        B        C        D        E       F      G
               +--------+--------+--------+--------+--------+-----+--------+
         Total |   1748 |   1625 |    123 |      0 |   1368 |   3 |  582.7 |
       Dungeon |   1748 |   1625 |    123 |      0 |   1368 |   3 |  582.7 |
               +--------+--------+--------+--------+--------+-----+--------+

Top non-repeatable levels by time:
     D:1: 951 daAuts
     D:2: 707 daAuts
     D:3: 89 daAuts
